 Dungeon Crawl Stone Soup version 0.27-a0-1139-g28e009f8a6 (webtiles) character file.

Game seed: 615653618992761126

223 experimilk the Chucker (level 6, -2/62 HPs)
             Began as an Ogre Hunter on May 7, 2021.
             Slain by a gnoll
             ... wielding a +0 flail
              (10 damage)
             ... on level 3 of the Dungeon.
             The game lasted 00:10:14 (2843 turns).

experimilk the Chucker (Ogre Hunter)                Turns: 2843, Time: 00:10:15

Health: -2/62      AC:  3    Str: 19    XL:     6   Next: 0%
Magic:  6/6        EV: 10    Int: 12    God:
Gold:   143        SH:  0    Dex:  9    Spells: 4/5 levels left

rFire    . . .     SeeInvis .   f - +2 short sword (vamp)
rCold    + . .     Faith    .   (no shield)
rNeg     . . .     Spirit   .   b - +0 robe
rPois    .         Reflect  .   i - +0 hat
rElec    .         Harm     .   (no cloak)
rCorr    .         Rampage  .   (gloves unavailable)
Will     .....                  (boots unavailable)
Stlth    +.........             g - amulet of regeneration
HPRegen  1.20/turn              k - ring of protection from cold
MPRegen  0.10/turn              (no ring)

@: no status effects
A: large, unfitting armour, tough skin 1
a: no special abilities


You were on level 3 of the Dungeon.
You visited 1 branch of the dungeon, and saw 3 of its levels.

You collected 143 gold pieces.

Inventory:

Hand Weapons
 a - a +0 short sword
 f - a +2 vampiric short sword (weapon)
 p - a +0 halberd
Missiles
 c - 5 large rocks
 d - 4 throwing nets
 e - 52 stones (quivered)
Armour
 b - a +0 robe (worn)
 i - a +0 hat (worn)
Jewellery
 g - an amulet of regeneration (around neck)
 k - a ring of protection from cold (left hand)
 o - a ring of wizardry
 q - a ring of resist corrosion
Scrolls
 r - a scroll of teleportation
Potions
 h - 2 potions of haste
 j - 2 potions of curing
 l - a potion of attraction {unknown}
 m - a potion of heal wounds {unknown}
 n - a potion of might {unknown}


   Skills:
 + Level 3.8 Fighting
 + Level 2.5 Short Blades
 + Level 5.3 Throwing
 + Level 2.3 Dodging
 + Level 1.1 Stealth
 + Level 0.1 Hexes


You had 4 spell levels left.
You knew the following spells:

 Your Spells              Type           Power      Damage    Failure   Level
a - Corona                Hex            0%         N/A       30%         1

Your spell library contained the following spells:

 Spells                   Type           Power      Damage    Failure   Level
 Ensorcelled Hibernation  Hex/Ice        0%         N/A       43%         2
 Confusing Touch          Hex            0%         N/A       67%         3
 Dazzling Flash           Conj/Hex       0%         N/A       67%         3
 Tukima's Dance           Hex            0%         N/A       67%         3


Dungeon Overview and Level Annotations

Branches:
Dungeon (3/15)

Altars:


Innate Abilities, Weirdness & Mutations

You are too large for most types of armour.
You have tough skin. (AC +1)


Message History

Unknown command.
Throw: 53 stones
Press: ? - help, Q - select action, (/) - cycle Shift-Dir - straight line, f/p - gnoll
Aim: a gnoll, wielding a +0 vorpal spear (61% to hit)
You throw a stone.
The stone hits the gnoll but does no damage.
The gnoll hits you from afar with a +0 vorpal spear.
The gnoll throws a stone.
The stone hits you. The gnoll completely misses you.
The gnoll hits you with a +0 club.
Things that are here:
a +0 spear; a gnoll corpse You completely miss the gnoll.
The gnoll barely misses you. The gnoll hits you with a +0 club.
The gnoll hits you with a +0 flail!
You hit the gnoll.
You feel better.
The gnoll is heavily wounded.
The gnoll hits you with a +0 club.
The gnoll hits you with a +0 vorpal spear.
The gnoll hits you with a +0 flail.
You hit the gnoll.
The gnoll is heavily wounded.
The gnoll barely misses you.
The gnoll hits you with a +0 vorpal spear.
The gnoll closely misses you.
You puncture the gnoll!
You feel better.
You kill the gnoll!
The gnoll hits you with a +0 club! The gnoll barely misses you.
You have reached level 6!
Your experience leads to an increase in your attributes!
Increase (S)trength, (I)ntelligence, or (D)exterity?
You feel stronger. x2
You hit the gnoll.
The gnoll is heavily wounded.
The gnoll hits you with a +0 club.
* * * LOW HITPOINT WARNING * * *
The gnoll hits you with a +0 flail!
* * * LOW HITPOINT WARNING * * *
You barely miss the gnoll.
The gnoll is heavily wounded.
The gnoll closely misses you. The gnoll hits you with a +0 flail!
You die...

##..# #.#.#
#..# #.#.#
#..# #.#.#
##>#
#########.#.#
...
..........#.#
####
............#
............#
......g...$.#
<(....)@...:#
......g...)##
.........(.#
#######.......
#.........
#.........
####......
#...... ......


You could see 2 gnolls.

Vanquished Creatures
  3 wights (D:3)
  An adder (D:3)
  2 gnolls (D:3)
  A worm (D:2)
  A dart slug (D:2)
  7 endoplasms
  5 giant cockroaches
  7 goblins
  2 hobgoblins
  8 jackals
  3 quokkas
  5 ball pythons
  3 bats
  5 frilled lizards
  5 kobolds
  8 rats
66 creatures vanquished.

Notes
Turn   | Place    | Note
-------+----------+-------------------------------------------
     0 | D:1      | experimilk the Ogre Hunter began the quest for the Orb.
     0 | D:1      | Reached XP level 1. HP: 22/22 MP: 1/1
   517 | D:1      | Found a faded altar of an unknown god.
   539 | D:1      | Reached XP level 2. HP: 29/29 MP: 2/2
  1003 | D:2      | Reached XP level 3. HP: 37/37 MP: 3/3
  1442 | D:2      | Reached skill level 1 in Short Blades
  1681 | D:2      | Reached XP level 4. HP: 45/45 MP: 4/4
  2162 | D:3      | Reached skill level 5 in Throwing
  2506 | D:3      | Reached skill level 1 in Stealth
  2506 | D:3      | Reached XP level 5. HP: 38/53 MP: 5/5
  2552 | D:3      | Learned a level 1 spell: Corona
  2842 | D:3      | Reached XP level 6. HP: 20/62 MP: 6/6
  2843 | D:3      | Slain by a gnoll

Illustrated notes

Levels and vault maps discovered:
D:1:      minmay_arrival_three_doors, layout_loops_corners,
          ebering_ecumenical_altar_mist, hangedman_feature_mirror,
          wander_ebering_terrifying_dragon_lair
D:2:      layout_loops_ring, supply_closet_lemuel, minmay_vboxes
D:3:      layout_basic

Skill      XL: |  1  2  3  4 |
---------------+-------------+-----
Fighting       | 3 |  3.8
Short Blades   | 1 2 |  2.5
Dodging        | 2 |  2.3
Throwing       | 5 |  5.3
Stealth        | 1 |  1.1
Hexes          | |  0.1

Action                   |  1- 3 |  4- 6 || total
-------------------------+-------+-------++-------
Melee: Short sword       |    91 |    40 ||   131
Throw: Stone             |    80 |    30 ||   110
       Large rock        |       |     5 ||     5
 Cast: Corona            |       |     5 ||     5
  Use: Scroll            |     3 |     1 ||     4
 Stab: Sleeping          |     1 |       ||     1
Armor: Robe              |    39 |    10 ||    49
Dodge: Dodged            |    71 |    27 ||    98

Table legend: (Time is in decaauts)
 A = Elapsed time spent in this place.
 B = Non-inter-level travel time spent in this place.
 C = Inter-level travel time spent in this place.
 D = Time resting spent in this place.
 E = Time spent auto-exploring this place.
 F = Levels seen in this place.
 G = Mean time per level.
                   A        B        C        D        E       F      G
               +--------+--------+--------+--------+--------+-----+--------+
         Total |   2840 |   2730 |    110 |    435 |    980 |   3 |  946.7 |
       Dungeon |   2840 |   2730 |    110 |    435 |    980 |   3 |  946.7 |
               +--------+--------+--------+--------+--------+-----+--------+

Top non-repeatable levels by time:
     D:2: 1273 daAuts
     D:1: 1021 daAuts
     D:3: 546 daAuts
